 Dungeon Crawl Stone Soup version 0.21.1-1-g345015f (webtiles) character file.

141530 Goblin1989 the Fighter (level 16, -2/129 HPs)
             Began as a Demonspawn Chaos Knight on Feb 16, 2018.
             Killed from afar by a smoke demon (3 damage)
             ... with a ball of steam
             ... summoned by a deep elf mage
             ... on level 3 of the Abyss.
             The game lasted 01:31:00 (25846 turns).

Goblin1989 the Fighter (Demonspawn Chaos Knight)   Turns: 25846, Time: 01:31:09

Health: -2/129     AC: 33    Str: 16    XL:     16   Next: 78%
Magic:  19/19      EV:  5    Int: 17    God:    Xom [...*..]
Gold:   1849       SH: 13    Dex: 17    Spells: 15/15 levels left

rFire    + + +     SeeInvis .   a - +8 dagger of the Gloaming {god gift, pierce, rElec rC+ Dex+3}
rCold    + + +     Gourm    +   W - +1 shield
rNeg     . . .     Faith    .   Z - +8 orange crystal plate armour {Archmagi, Int+3 Clar}
rPois    +         Spirit   .   (helmet restricted)
rElec    +         Reflect  .   S - scarf {rC+ rF+}
rCorr    +         Harm     .   (no gloves)
MR       +....     Clarity  +   t - +0 pair of boots Stlth ..........Rnd*Tele +
                                L - amulet of Vaparroa {Gourm +Blink rF++}
HPRegen  0.31/turn              K - +1 ring of evasion
MPRegen  0.16/turn              X - +1 ring of protection

@: liquid flames, resistant, cleaving, very slightly contaminated, glowing,
drained, invisible (but backlit and visible)
A: claws 2, horns 2, molten scales 2, berserk 1[+1], blurry vision 1[+1], clumsy
1, cold resistance 1, demonic guardian 1, [deterioration 2], fire resistance 1,
spiny 2, teleportitis 1, [no potion heal 1]
a: Renounce Religion, Evoke Blink


You were on level 3 of the Abyss.
You worshipped Xom.
You were a favourite toy of Xom.
You were full.

You visited 3 branches of the dungeon, and saw 23 of its levels.
You visited the Abyss 1 time.
You also visited: Bailey.

You collected 2449 gold pieces.
You spent 600 gold pieces at shops.

Inventory:

Hand Weapons
 a - the +8 dagger of the Gloaming (weapon) {god gift, pierce, rElec rC+ Dex+3}
   (Xom gifted it to you on level 7 of the Dungeon)

   It inflicts extra damage upon your enemies.
   It affects your dexterity (+3).
   It protects you from cold.
   It insulates you from electricity.
 g - the +1 trident "Tawavup" {protect, +Blink}
   (You found it on level 12 of the Dungeon)

   It protects the one who uses it against injury (+AC on strike).
   It lets you blink.
 w - a +0 blowgun {@w1}
 P - the +1 long sword "Qoobus" {slice, *Corrode rF+++ MR+ MP-9}
   (You found it on level 3 of the Lair of Beasts)

   It inflicts extra damage upon your enemies.
   It renders you almost immune to fire.
   It affects your resistance to hostile enchantments.
   It affects your magic capacity (-9).
   It may corrode you when you take damage.
Missiles
 k - 74 poisoned needles
 q - 9 needles of sleeping
 v - 5 needles of paralysis {god gift}
Armour
 c - the cursed +1 ring mail of the Dolphin {Str+3 Slay+2, unknown}
   (You found it on level 15 of the Dungeon)

   It affects your strength (+3).
   It affects your accuracy and damage with ranged weapons and melee attacks
   (+2).
   It has a curse placed upon it.
 h - a +0 helmet
 t - a +0 pair of boots (worn)
 S - a scarf of resistance (worn)
 W - a +1 shield (worn)
 Z - the +8 orange crystal plate armour (worn) {Archmagi, Int+3 Clar}
   (You acquired it on level 11 of the Dungeon)

   It affects your intelligence (+3).
   It protects you against confusion.
Jewellery
 d - an uncursed amulet of guardian spirit {unknown}
 l - an uncursed ring of flight
 m - a +3 ring of intelligence {unknown}
 r - an uncursed amulet of regeneration
 K - a +1 ring of evasion (left claw)
 L - the amulet of Vaparroa (around neck) {Gourm +Blink rF++}
   (You acquired it in a bailey)

   [amulet of the gourmand]

   It allows you to eat raw meat even when not hungry.
   It greatly protects you from fire.
   It lets you blink.
 X - a +1 ring of protection (right claw)
Wands
 n - a wand of polymorph (11)
 A - a wand of acid (6)
 C - a wand of disintegration (8)
 E - a wand of enslavement (27)
 H - a wand of random effects (14)
 I - a wand of iceblast (27)
Scrolls
 b - a scroll of torment {unknown}
 f - a scroll of silence {unknown}
 i - a scroll of enchant weapon {unknown}
 j - a scroll of fear
 y - 5 scrolls of remove curse {@r2}
 B - 2 scrolls of immolation
 G - 4 scrolls of summoning
 M - 2 scrolls of magic mapping
 R - 5 scrolls of identify {@r1}
 T - 3 scrolls of teleportation {!r, @r3}
 V - 5 scrolls of enchant armour
 Y - 2 scrolls of fog
Potions
 o - 3 potions of invisibility
 p - 2 potions of flight
 s - 5 potions of agility
 u - 2 potions of might
 x - a potion of mutation {!q}
 z - 4 potions of ambrosia
 D - 6 potions of curing {@q1}
 F - 3 potions of lignification
 N - a potion of haste
 O - 2 potions of berserk rage
 U - a potion of brilliance {unknown}
Comestibles
 e - 41 rations


   Skills:
 * Level 12.5(11.4) Fighting
 - Level 10.0(9.0) Short Blades
 - Level 1.2(0.4) Polearms
 + Level 3.0(2.1) Throwing
 * Level 10.9(9.9) Armour
 * Level 11.0(9.9) Dodging
 + Level 10.8(9.7) Shields
 + Level 10.4(9.4) Unarmed Combat
 - Level 5.0(4.1) Evocations


You had 15 spell levels left.
You didn't know any spells.

Dungeon Overview and Level Annotations

Branches:
Dungeon (15/15)            Temple (0/1) D:6            Lair (6/6) D:8
 Shoals (0/4) Lair:4       Spider (0/4) Lair:4        Slime (0/5) Lair:5
    Orc (2/2) D:11            Elf (0/3) Orc:2        Vaults (0/5) D:14
 Depths: D:15

Altars:
Cheibriados
Dithmenos
Elyvilon
Kikubaaqudgha
Makhleb
Nemelex Xobeh
Okawaru
Ru
Trog
Vehumet
Xom
Yredelemnul
Zin
Beogh
Jiyva

Shops:
D:12 [   D:15 !   Orc:2 (:(!

Annotations:
D:4 tidbits's ghost, weakling GnTm


Innate Abilities, Weirdness & Mutations

You have very sharp fingernails.
You are mostly covered in molten scales. (AC +3)
Your flesh is cold resistant. (rC+)
A weak demonic guardian rushes to your aid.
You are mostly covered in sharp spines.
You have a pair of horns on your head.
You are clumsy. (Dex -2)
Your flesh is heat resistant. (rF+)
You are occasionally teleported next to monsters.
[You often lose your temper in combat.]
[Scrolls take you longer to read.]
[Your body often deteriorates upon taking damage.]
[Potions are less effective at restoring your health.]


Message History

You feel a little less angry.
Your system mostly accepts the healing effects of potions.
Your vision sharpens a little.
Your Throwing skill increases to level 3!
Your Dodging skill increases to level 11!
A ball of steam appears from out of your range of vision.
Your shadow imp closely misses the white imp.
The smoke demon hits your iron imp.
Your iron imp dies!
Unknown command.
A blink frog comes into view.
The blink frog gives a loud, deep croak!
You hear a croak.
The hell rat is struck by your spines. The hell rat bites you.
* * * LOW HITPOINT WARNING * * *
You feel drained.
* * * LOW HITPOINT WARNING * * *
The smoke demon gestures at something.
You take 7 damage, and have 31/129 hp.
The soul eater is engulfed in a cloud of scalding steam.
You block the soul eater's attack.
The hell rat is engulfed in a cloud of scalding steam.
You block the hell rat's attack.
The demonic crawler is struck by your spines.
The demonic crawler hits you but does no damage.
The demonic crawler hits you.
* * * LOW HITPOINT WARNING * * *
The demonic crawler hits you.
* * * LOW HITPOINT WARNING * * *
2 blink frogs come into view.
You take 6 damage, and have 25/129 hp.
Unknown command.
A blink frog comes into view.
The blink frog gives a loud, deep croak!
The blink frog croaks.
The hell rat is engulfed in a cloud of scalding steam.
The demonic crawler hits you but does no damage.
The demonic crawler barely misses you. You block the demonic crawler's attack.
Your shadow imp is engulfed in a cloud of scalding steam.
Your shadow imp dies!
You feel yourself growing ill in the presence of the ancient zyme.
An ancient zyme comes into view.
Your orange crystal plate armour prevents you from hitting the deep elf mage.
You hit the soul eater but do no damage.
Your shield and orange crystal plate armour prevent you from hitting the demonic crawler.
The blink frog croaks. x3
You block the demonic crawler's attack.
The demonic crawler hits you but does no damage. x2
You barely miss the deep elf mage. You hit the soul eater.
You hit the demonic crawler but do no damage.
The blink frog gives a loud, deep croak!
The blink frog croaks.
The deep elf mage looks sick.
You block the demonic crawler's attack.
The demonic crawler hits you but does no damage. x2
The deep elf mage gestures at you while chanting.
The bolt of negative energy hits you!
You feel drained.
* * * LOW HITPOINT WARNING * * *
Xom roars with laughter!
The bolt of negative energy hits the smoke demon.
The smoke demon completely resists. 2 golden eyes come into view.
You take 23 damage, and have 2/129 hp.
Unknown command.
Really quaff
Q - a potion of heal wounds {@q2, !q}?
Your system partially rejects the healing.
You feel much better.
The golden eye turns its gaze towards you. x3
The smoke demon roars!
The blink frog gives a loud, deep croak!
The blink frog croaks. x2
You block the soul eater's attack.
The demonic crawler is struck by your spines.
The demonic crawler hits you but does no damage.
The demonic crawler barely misses you. x2
The smoke demon gestures at you. The sticky flame hits you!
You are covered in liquid flames!
The hell rat is engulfed in a cloud of scalding steam.
The deep elf mage gestures wildly while chanting.
Your shadow imp barely misses the soul eater.
You regained 11 hp, and now have 13/129 hp.
You feel protected.
You are covered in liquid flames!
* * * LOW HITPOINT WARNING * * *
The blink frog croaks.
The blink frog blinks!
The demonic crawler is struck by your spines.
The demonic crawler hits you but does no damage.
You block the demonic crawler's attack.
The demonic crawler hits you but does no damage.
The soul eater hits you!
* * * LOW HITPOINT WARNING * * *
The smoke demon gestures at you. The ball of steam hits you! You resist.
The ball of steam hits the hell rat.
The hell rat dies!
The hell rat's corpse disappears in a puff of smoke!
The smoke demon gestures at you. The ball of steam hits you! You resist.
You die...
Xom snickers!

...... ..F... ..x...
...... .. █...F
.....█ ..
..███F.F███...██ ..
...█.....█...§.█.
......3.....G.§...
......5§§§.s..G..
........s@§....G...
.█....3█e3...█. .
██..5███r..██
...█....§█.....█. .
......5. §........
...[.......3.......
.................. .
...█.....█.....█. .
..███..)███...███...
█


You could see a soul eater, 2 demonic crawlers, an ancient zyme, a deep elf
mage, 2 smoke demons, 4 blink frogs, a hell rat, 3 golden eyes, a white imp and
a friendly shadow imp.

Vanquished Creatures
  2 tentacled starspawn (Abyss:3)
  A ghost moth (shapeshifter) (D:15)
  A blizzard demon (Abyss:3)
  Erolcha (Orc:2)
  6 hydras
  2 death knights
  2 centaur warriors
  6 two-headed ogres
  2 dancing weapons (D:14)
  2 tengu warriors (D:15)
  An orc high priest (Orc:2)
  A sixfirhy (Abyss:3)
  6 skeletal warriors
  A deep troll (shapeshifter) (D:15)
  2 unseen horrors
  6 orc knights
  4 lindwurms (D:13)
  Pikel (D:8)
  2 phantasmal warriors (D:15)
  An orb spider (shapeshifter) (D:15)
  7 ugly things
  9 orc sorcerers
  2 cyclopes
  A manticore (D:15)
  2 elephants
  A black mamba (Lair:2)
  6 spiny frogs
  A gargoyle (D:14)
  A kobold demonologist (D:15)
  3 efreet
  A redback zombie (D:12)
  5 rime drakes
  7 komodo dragons
  5 freezing wraiths
  A harpy zombie (D:15)
  A meliai (D:15)
  A jumping spider (Lair:4)
  A tengu conjurer (D:13)
  4 trolls
  A queen bee (D:12)
  4 raiju (Abyss:3)
  4 slime creatures
  6 blink frogs
  10 hippogriffs
  2 dream sheep (Lair:6)
  2 large abominations (Abyss:3)
  5 wraiths
  3 redbacks (Lair:4)
  2 shadows
  2 wyverns
  3 basilisks
  A basilisk (shapeshifter) (D:10)
  41 yaks
  6 vampire mosquitoes
  2 hungry ghosts
  2 wargs (Orc:2)
  A soldier ant (D:14)
  An acid dragon (D:15)
  10 water moccasins
  7 porcupines
  4 sky beasts
  22 orc warriors
  A phantom (D:11)
  3 eyes of draining
  A slave (D:8)
  2 black bears (D:10)
  3 ice beasts
  A hornet zombie (D:9)
  10 ogres
  9 boggarts
  14 centaurs
  3 wolves (Lair:3)
  13 crocodiles
  A big kobold (D:9)
  16 bullfrogs
  6 scorpions
  A wyvern skeleton (D:13)
  19 killer bees
  7 howler monkeys
  18 wights
  An electric eel (Lair:4)
  6 crimson imps
  2 centaur zombies
  A bullfrog zombie (D:8)
  A jelly (shapeshifter) (D:2)
  A bullfrog skeleton (D:5)
  4 jellies
  13 orc priests
  A quasit (D:15)
  3 hounds
  3 centaur skeletons
  Jessica (D:2)
  Natasha (thrice) (D:3)
  3 iguanas
  26 orc wizards
  6 worker ants
  2 hound zombies
  3 hound skeletons
  4 worker ant zombies
  Robin (D:2)
  A howler monkey skeleton (D:6)
  12 adders
  4 gnolls
  A river rat (D:5)
  5 shadow imps
  2 white imps (Abyss:3)
  An ooze (D:6)
  5 worms
  10 leopard geckos
  79 orcs
  5 bats
  7 giant cockroaches
  15 goblins
  15 hobgoblins
  2 jackals (D:5)
  5 quokkas
  2 ball pythons
  9 frilled lizards
  A jackal skeleton (D:4)
  18 kobolds
  A leopard gecko zombie (D:5)
  2 quokka skeletons
  5 rats
  4 starspawn tentacles (Abyss:3)
674 creatures vanquished.

Vanquished Creatures (collateral kills)
  A stone giant (Orc:2)
  A hydra (Lair:2)
  2 two-headed ogres (D:9)
  A skeletal warrior (D:15)
  A wizard (D:14)
  2 orc knights (Bailey)
  3 orc sorcerers (Orc:2)
  A spiny frog (Lair:4)
  A jumping spider (Lair:4)
  2 dream sheep (Lair:6)
  A hungry ghost (D:7)
  2 orc warriors
  2 sky beasts
  A black bear (D:7)
  A phantom (D:5)
  5 ogres
  A bullfrog (D:6)
  A water moccasin zombie (D:7)
  A wight (D:11)
  2 bullfrog skeletons
  2 orc priests (Orc:2)
  3 orc wizards (Orc:2)
  3 gnolls
  An ooze (D:5)
  15 orcs
56 creatures vanquished.

Vanquished Creatures (others)
  An orc knight (Orc:2)
  A slave (D:8)
  A boggart (D:14)
  An orc priest (Orc:2)
  An orc wizard (Orc:2)
  An orc (Bailey)
  A fungus (Lair:6)
  15 plants
  4 starspawn tentacles (Abyss:3)
26 creatures vanquished.

Grand Total: 756 creatures vanquished

Notes
Turn   | Place    | Note
-------+----------+-------------------------------------------
     0 | D:1      | Goblin1989 the Demonspawn Chaos Knight began the quest for the Orb.
     0 | D:1      | Reached XP level 1. HP: 18/18 MP: 1/1
     6 | D:1      | Noticed an iguana
     6 | D:1      | Noticed a queen ant
     8 | D:1      | Noticed a hell rat
     8 | D:1      | Noticed a stone giant
    22 | D:1      | XOM: silly message
    66 | D:1      | XOM: divination: detect items
   169 | D:1      | XOM: silly message
   356 | D:1      | Gained mutation: You are partially covered in sharp spines. [demonic ancestry]
   356 | D:1      | Reached XP level 2. HP: 24/24 MP: 2/2
   827 | D:1      | Gained mutation: You have sharp fingernails. [demonic ancestry]
   827 | D:1      | Reached XP level 3. HP: 29/29 MP: 3/3
   892 | D:1      | XOM: scenery: create altars
  1253 | D:2      | XOM: 2-stop teleportation journey
  1364 | D:2      | Noticed Robin
  1379 | D:2      | Reached skill level 1 in Shields
  1379 | D:2      | Reached skill level 1 in Unarmed Combat
  1388 | D:2      | Killed Robin
  1388 | D:2      | Reached XP level 4. HP: 8/35 MP: 4/4
  1402 | D:2      | XOM: polymorph hobgoblin -> leopard gecko
  1657 | D:2      | XOM: summons 2 hostile demons
  1896 | D:2      | XOM: mild Tmut miscast
  2017 | D:2      | XOM: god gift: scroll labeled MEOLIS BASSICW {god gift}
  2128 | D:2      | Found a white marble altar of Elyvilon.
  2190 | D:2      | Found a shimmering altar of Xom.
  2223 | D:2      | Gained mutation: You are partially covered in molten scales. (AC +2) [demonic ancestry]
  2223 | D:2      | Reached XP level 5. HP: 41/41 MP: 5/5
  2300 | D:1      | XOM: scenery: 1 doors open
  2485 | D:2      | Noticed Jessica
  2487 | D:2      | XOM: harmless Air miscast
  2495 | D:2      | XOM: smoke on damage
  2501 | D:2      | Killed Jessica
  2743 | D:3      | Found a snail-covered altar of Cheibriados.
  2848 | D:3      | Noticed Natasha
  2850 | D:3      | XOM: confuse monster(s)
  2853 | D:3      | Killed Natasha
  2921 | D:3      | Noticed Natasha
  2935 | D:3      | Killed Natasha
  2945 | D:3      | Noticed Natasha
  2952 | D:3      | XOM: harmless Erth miscast
  2956 | D:3      | Killed Natasha
  2956 | D:3      | Gained mutation: A weak demonic guardian rushes to your aid. [demonic ancestry]
  2956 | D:3      | Reached XP level 6. HP: 22/47 MP: 6/6
  3194 | D:3      | XOM: scenery: create altars
  3438 | D:3      | XOM: 8-stop teleportation journey
  3945 | D:4      | XOM: give mutation
  3945 | D:4      | Gained mutation: You are robust. (+10% HP) [Xom's grace]
  4652 | D:4      | XOM: 3-stop teleportation journey
  4790 | D:4      | Noticed tidbits's ghost (weakling GnTm)
  4790 | D:4      | XOM: divination: magic mapping
  4806 | D:5      | Entered Level 5 of the Dungeon
  4874 | D:5      | Reached XP level 7. HP: 23/58 MP: 7/7
  4882 | D:4      | XOM: noise
  5046 | D:5      | XOM: 1-stop teleportation journey
  5075 | D:5      | Reached skill level 4 in Fighting
  5219 | D:5      | Reached skill level 1 in Dodging
  5251 | D:5      | XOM: mild Pois miscast
  5354 | D:5      | XOM: polymorph orc -> river rat
  5616 | D:5      | Found a sacrificial altar of Ru.
  5616 | D:5      | Found a sparkling altar of Nemelex Xobeh.
  5617 | D:5      | Found a bloodstained altar of Trog.
  5894 | D:5      | XOM: god gift: scroll labeled SUELET OMEIRGH {god gift}
  5929 | D:6      | Found an iron altar of Okawaru.
  5989 | D:6      | XOM: 5-stop teleportation journey
  5994 | D:6      | XOM: harmless Air miscast
  5999 | D:6      | XOM: 1-stop teleportation journey
  6016 | D:6      | XOM: noise
  6033 | D:6      | Gained mutation: You are mostly covered in sharp spines. [demonic ancestry]
  6033 | D:6      | Reached XP level 8. HP: 54/67 MP: 8/8
  6043 | D:6      | Reached skill level 5 in Unarmed Combat
  6151 | D:6      | XOM: summons 6 friendly demons
  6282 | D:6      | Found a staircase to the Ecumenical Temple.
  6439 | D:6      | XOM: 1-stop teleportation journey
  6448 | D:6      | XOM: medium Erth miscast
  6449 | D:6      | Reached skill level 5 in Fighting
  6464 | D:6      | XOM: smoke on damage
  6663 | D:6      | XOM: mild Erth miscast
  6822 | D:7      | Found a shimmering altar of Xom.
  6845 | D:7      | XOM: cast spell 'Summon Dragon'
  7030 | D:7      | XOM: god gift: scorched dagger {god gift}
  7031 | D:7      | Got a scorched dagger {god gift}
  7032 | D:7      | Identified the +8 dagger of the Gloaming {god gift, pierce, rElec rC+ Dex+3} (Xom gifted it to you on level 7 of the Dungeon)
  7472 | D:7      | XOM: give mutations
  7472 | D:7      | Gained mutation: Your mind is acute. (Int +2) [Xom's grace]
  7472 | D:7      | Gained mutation: Your system is resistant to poisons. (rPois) [Xom's grace]
  7472 | D:7      | Gained mutation: You have a pair of small horns on your head. [Xom's grace]
  7738 | D:8      | Gained mutation: You have very sharp fingernails. [demonic ancestry]
  7738 | D:8      | Reached XP level 9. HP: 74/75 MP: 9/9
  7778 | D:8      | XOM: harmless Air miscast
  7783 | D:8      | Reached skill level 6 in Fighting
  8008 | D:8      | XOM: enchant monster (good)
  8069 | D:8      | Reached skill level 5 in Short Blades
  8074 | D:8      | Noticed Pikel
  8085 | D:8      | Killed Pikel
  8135 | D:8      | XOM: cloud trail
  8160 | D:8      | Noticed a komodo dragon
  8162 | D:8      | Found a staircase to the Lair.
  8170 | D:8      | Killed a komodo dragon
  8225 | D:8      | XOM: god gift: scroll labeled FYMOTIFOET {god gift}
  8628 | D:9      | Noticed a two-headed ogre
  8632 | D:9      | XOM: stat loss: -1 Dex (17/18)
  8635 | D:9      | Killed a two-headed ogre
  8635 | D:9      | Reached skill level 7 in Fighting
  8635 | D:9      | Reached skill level 5 in Dodging
  8908 | D:9      | Reached XP level 10. HP: 63/86 MP: 10/10
  9073 | D:9      | XOM: mild Conj miscast
  9142 | D:9      | Noticed a two-headed ogre
  9143 | D:9      | XOM: summons 1 hostile demon
  9145 | D:9      | XOM: harmless Erth miscast
  9150 | D:9      | Found a shadowy altar of Dithmenos.
  9150 | D:9      | XOM: 7-stop teleportation journey
  9235 | D:9      | Killed a two-headed ogre
  9431 | D:9      | Found a burning altar of Makhleb.
  9441 | D:9      | Found a glowing silver altar of Zin.
  9451 | D:9      | Found a basalt altar of Yredelemnul.
  9547 | D:10     | Entered Level 10 of the Dungeon
  9738 | D:10     | Killed an unseen horror
  9739 | D:10     | Reached skill level 8 in Fighting
  9857 | D:10     | XOM: mild Air miscast
 10096 | D:10     | Noticed a two-headed ogre
 10096 | D:10     | XOM: 4-stop teleportation journey
 10105 | D:10     | XOM: harmless Summ miscast
 10111 | D:10     | XOM: confuse monster(s)
 10604 | D:10     | Reached XP level 11. HP: 94/95 MP: 11/11
 10807 | D:11     | Found a staircase to the Orcish Mines.
 10808 | D:11     | Identified a scroll of acquirement
 10809 | D:11     | Found the +8 orange crystal plate armour {Archmagi, Int+3 Clar}
 10862 | D:11     | Found a flagged portal.
 10870 | D:11     | Got a jewelled spear
 10871 | D:11     | Noticed a four-headed hydra
 10873 | Bailey   | Entered a bailey
 10882 | Bailey   | XOM: cloud trail
 10920 | Bailey   | XOM: polymorph orc -> kobold
 10922 | Bailey   | XOM: destruction
 11036 | Bailey   | XOM: give mutations
 11036 | Bailey   | Gained mutation: [Potions are less effective at restoring your health.] [Xom's mischief]
 11036 | Bailey   | Gained mutation: [Scrolls take you a little longer to read.] [Xom's mischief]
 11285 | Bailey   | Got a slimy silver amulet
 11287 | Bailey   | Identified the amulet of Vaparroa {Gourm +Blink rF++} (You acquired it in a bailey)
 11295 | Bailey   | Noticed an orc knight
 11296 | Bailey   | Noticed an orc knight
 11333 | Bailey   | Killed an orc knight
 11338 | Bailey   | Killed an orc knight
 11340 | Bailey   | Reached skill level 5 in Shields
 11452 | Bailey   | Noticed an orc knight
 11452 | Bailey   | XOM: confuse monster(s)
 11455 | Bailey   | Noticed an orc knight
 11497 | Bailey   | Killed an orc knight
 11503 | Bailey   | XOM: butterfly on damage
 11503 | Bailey   | XOM: smoke on damage
 11506 | Bailey   | Killed an orc knight
 11770 | Bailey   | Noticed an orc knight
 11789 | Bailey   | Killed an orc knight
 11834 | D:11     | XOM: summons friendly shadow imp
 11855 | D:11     | Killed a four-headed hydra
 11862 | D:11     | XOM: summons friendly iron imp
 11874 | D:11     | XOM: confuse monster(s)
 11878 | D:11     | Reached skill level 9 in Fighting
 11893 | D:11     | XOM: give mutations
 11893 | D:11     | Gained mutation: Your flesh is heat resistant. (rF+) [Xom's grace]
 11893 | D:11     | Gained mutation: Your natural rate of healing is unusually fast. [Xom's grace]
 11893 | D:11     | Gained mutation: You have large cloven feet. [Xom's grace]
 11893 | D:11     | Gained mutation: You are agile. (Dex +2) [Xom's grace]
 12118 | D:11     | Reached skill level 10 in Short Blades
 12119 | D:11     | XOM: confuse monster(s)
 12262 | D:11     | Noticed a death knight
 12264 | D:11     | Noticed a skeletal warrior
 12277 | D:11     | Killed an unseen horror
 12281 | D:11     | XOM: 7-stop teleportation journey
 12400 | Lair:1   | Entered Level 1 of the Lair of Beasts
 12415 | Lair:1   | Noticed a seven-headed hydra
 12415 | Lair:1   | XOM: harmless Ice miscast
 12435 | Lair:1   | Killed a seven-headed hydra
 12435 | Lair:1   | Reached skill level 1 in Polearms
 12719 | Lair:1   | XOM: summons 1 hostile demon
 12995 | Lair:1   | XOM: give mutation
 12995 | Lair:1   | Gained mutation: [Scrolls take you longer to read.] [Xom's mischief]
 13158 | Lair:1   | You fall through a shaft!
 13209 | Lair:2   | XOM: cleaving
 13227 | Lair:2   | Reached XP level 12. HP: 105/105 MP: 12/12
 13232 | Lair:2   | XOM: 3-stop teleportation journey
 13240 | Lair:2   | XOM: mild Pois miscast
 13247 | Lair:2   | XOM: swap monsters
 13259 | Lair:2   | Reached skill level 5 in Armour
 13323 | Lair:2   | XOM: 1-stop teleportation journey
 13473 | Lair:2   | Noticed an eight-headed hydra
 13483 | Lair:2   | Killed an eight-headed hydra
 13864 | Lair:3   | XOM: swap monsters
 13950 | Lair:3   | XOM: polymorph blink frog -> ice beast
 13952 | Lair:3   | XOM: polymorph ice beast -> worm
 14284 | Lair:3   | Got a warped long sword
 14285 | Lair:3   | Identified the cursed +1 long sword "Qoobus" {slice, *Corrode rF+++ MR+ MP-9} (You found it on level 3 of the Lair of Beasts)
 14466 | Lair:3   | XOM: divination: detect items
 14698 | Lair:3   | Reached skill level 10 in Fighting
 14966 | Lair:3   | XOM: give mutation
 14966 | Lair:3   | Gained mutation: You have a pair of horns on your head. [Xom's grace]
 15007 | Lair:4   | XOM: snakes to sticks
 15022 | Lair:4   | Reached skill level 1 in Evocations
 15154 | Lair:4   | XOM is BORED!
 15170 | Lair:4   | Found a staircase to the Shoals.
 15242 | Lair:4   | XOM: scenery: create altars
 15331 | Lair:4   | Found a hole to the Spider Nest.
 15335 | Lair:4   | XOM: fog
 15358 | Lair:4   | XOM: potion effect (haste)
 15387 | Lair:4   | XOM: cloud trail
 15437 | Lair:4   | XOM: scenery: create altars
 15649 | Lair:4   | XOM: enchant monster (good)
 15855 | Lair:4   | XOM: give mutation
 15855 | Lair:4   | Gained mutation: You are somewhat resistant to further mutation. [Xom's grace]
 15893 | Lair:4   | XOM: god gift: 5 needles of paralysis {god gift}
 15900 | Lair:5   | XOM: 4-stop teleportation journey
 15998 | Lair:5   | XOM: 5-stop teleportation journey
 16132 | Lair:5   | Noticed a six-headed hydra
 16142 | Lair:5   | Killed a six-headed hydra
 16201 | Lair:5   | Noticed a six-headed hydra
 16207 | Lair:5   | Killed a six-headed hydra
 16297 | Lair:5   | XOM: cloud trail
 16298 | Lair:5   | Found a viscous altar of Jiyva.
 16299 | Lair:5   | Found a staircase to the Slime Pits.
 16342 | Lair:5   | Gained mutation: You are mostly covered in molten scales. (AC +3) [demonic ancestry]
 16342 | Lair:5   | Reached XP level 13. HP: 113/113 MP: 15/15
 16636 | Lair:6   | Entered Level 6 of the Lair of Beasts
 16672 | Lair:6   | XOM: medium Conj miscast
 16692 | Lair:6   | XOM: polymorph shadow imp -> white imp
 16731 | Lair:6   | XOM: give mutations
 16731 | Lair:6   | Lost mutation: Your system is resistant to poisons. (rPois) [Xom's mischief]
 16731 | Lair:6   | Lost mutation: [Potions are less effective at restoring your health.] [Xom's mischief]
 16735 | Lair:6   | XOM: 1-stop teleportation journey
 16738 | Lair:6   | Paralysed by a hornet for 2 turns
 16776 | Lair:6   | XOM: give mutations
 16776 | Lair:6   | Lost mutation: [Scrolls take you longer to read.] [Xom's mischief]
 16776 | Lair:6   | Gained mutation: [Scrolls take you longer to read.] [Xom's mischief]
 16797 | Lair:6   | XOM: silly message
 16913 | Lair:5   | XOM: cloud trail
 16944 | Lair:5   | XOM: harmless Ice miscast
 17013 | Lair:6   | XOM: enchant monster (bad)
 17019 | Lair:6   | Noticed a dire elephant
 17235 | Orc:1    | Entered Level 1 of the Orcish Mines
 17414 | Orc:1    | Paralysed by an orc sorcerer for 4 turns
 17494 | Orc:1    | XOM: summons 5 friendly demons
 17634 | Orc:1    | XOM: divination: detect creatures
 17972 | Orc:2    | Entered Level 2 of the Orcish Mines
 18086 | Orc:2    | Lost mutation: You are robust. (+10% HP) [a neqoxec]
 18087 | Orc:2    | XOM: confuse monster(s)
 18090 | Orc:2    | XOM: cast spell 'Summon Hydra'
 18195 | Orc:2    | Found a staircase to the Elven Halls.
 18241 | Orc:1    | XOM: medium Fire miscast
 18398 | Orc:2    | XOM: enchant monster (good)
 18431 | Orc:1    | XOM: summons 6 hostile demons
 18555 | Orc:2    | XOM: god gift: 16 arrows {god gift}
 18634 | Orc:1    | XOM: scenery: create altars
 18697 | Orc:2    | Noticed a stone giant
 18704 | Orc:2    | XOM: polymorph iron imp -> quasit
 18705 | Orc:2    | XOM: summons 2 friendly demons
 18709 | Orc:2    | XOM: enchant monster (bad)
 18713 | Orc:2    | XOM: enchant monster (good)
 18734 | Orc:2    | XOM: harmless Erth miscast
 18755 | Orc:2    | Found a roughly hewn altar of Beogh.
 18755 | Orc:2    | Found Yzxoticy's Antique Weapon Shop.
 18755 | Orc:2    | Found Liaview's Antique Weapon Shop.
 18755 | Orc:2    | XOM: 6-stop teleportation journey
 19167 | Orc:2    | Killed a stone giant
 19321 | Orc:2    | XOM: medium Conj miscast
 19336 | Orc:2    | XOM: enchant monster (good)
 19410 | Orc:2    | Found Meploune's Book Boutique.
 19437 | Orc:2    | Found Woxyc's Distillery.
 19440 | Orc:2    | XOM: 5-stop teleportation journey
 19526 | Orc:2    | Bought a potion of experience for 600 gold pieces
 19526 | Orc:2    | Gained mutation: Your flesh is cold resistant. (rC+) [demonic ancestry]
 19526 | Orc:2    | Reached XP level 14. HP: 111/111 MP: 17/17
 19540 | Orc:2    | Found an ancient bone altar of Kikubaaqudgha.
 19553 | Orc:2    | Reached skill level 10 in Shields
 19558 | Orc:2    | XOM: scenery: create altars
 19560 | Orc:2    | XOM: smoke on damage
 19579 | Orc:2    | XOM: summons 6 friendly demons
 19730 | Orc:2    | XOM: scenery: create altars
 19756 | Orc:2    | Noticed Erolcha
 19756 | Orc:2    | XOM: enchant monster (good)
 19758 | Orc:2    | Found a radiant altar of Vehumet.
 19763 | Orc:2    | Killed Erolcha
 19786 | Orc:2    | XOM: scenery: 4 doors open
 19801 | Orc:2    | Reached skill level 11 in Fighting
 19804 | Orc:2    | Paralysed by an orc sorcerer for 3 turns
 19826 | Orc:2    | Paralysed by an orc sorcerer for 4 turns
 19829 | Orc:2    | XOM: potion effect (curing)
 20095 | Orc:2    | XOM: harmless Hex miscast
 20147 | D:11     | XOM: divination: magic mapping
 20212 | D:11     | XOM: harmless Summ miscast
 20224 | D:11     | XOM: enchant monster (good)
 20360 | D:11     | XOM: give mutations
 20360 | D:11     | Lost mutation: Your mind is acute. (Int +2) [Xom's mischief]
 20360 | D:11     | Lost mutation: You have a pair of horns on your head. [Xom's mischief]
 20360 | D:11     | Gained mutation: You have a pair of horns on your head. [Xom's mischief]
 20713 | D:12     | XOM: swap monsters
 20914 | D:12     | Got a jewelled trident
 20915 | D:12     | Identified the cursed +1 trident "Tawavup" {protect, +Blink} (You found it on level 12 of the Dungeon)
 21054 | D:12     | Found Yhusuf's Armour Shop.
 21168 | D:12     | Reached XP level 15. HP: 119/119 MP: 18/18
 21483 | D:12     | XOM: harmless Tloc miscast
 21831 | D:13     | XOM: mild Fire miscast
 21961 | D:13     | XOM: medium Air miscast
 22099 | D:12     | XOM: harmless Fire miscast
 22163 | D:13     | XOM: divination: detect creatures
 22165 | D:13     | XOM: swap monsters
 22172 | D:13     | Reached XP level 16. HP: 116/126 MP: 19/19
 22248 | D:13     | XOM: cast spell 'Olgreb's Toxic Radiance'
 22255 | D:13     | XOM: cast spell 'Olgreb's Toxic Radiance'
 22268 | D:13     | Reached skill level 5 in Evocations
 22361 | D:13     | XOM: medium Tloc miscast
 22449 | D:13     | Reached skill level 10 in Dodging
 22468 | D:13     | XOM: confuse monster(s)
 22493 | D:13     | Got a brightly glowing crystal plate armour
 22504 | D:13     | Identified the cursed +0 crystal plate armour "Vaprual" {Str+3} (You found it on level 13 of the Dungeon)
 22794 | D:13     | XOM: give mutation
 22794 | D:13     | Gained mutation: [You tend to lose your temper in combat.] [Xom's mischief]
 22954 | D:13     | XOM: give mutation
 22954 | D:13     | Lost mutation: You are agile. (Dex +2) [Xom's mischief]
 23052 | D:14     | Reached skill level 10 in Armour
 23057 | D:14     | XOM: harmless Tloc miscast
 23071 | D:14     | XOM: 3-stop teleportation journey
 23085 | D:14     | XOM: give mutations
 23085 | D:14     | Lost mutation: You are somewhat resistant to further mutation. [Xom's mischief]
 23085 | D:14     | Lost mutation: You have large cloven feet. [Xom's mischief]
 23099 | D:14     | Reached skill level 10 in Unarmed Combat
 23109 | D:14     | XOM: divination: detect items
 23176 | D:14     | XOM: harmless Air miscast
 23265 | D:14     | Found a gate to the Vaults.
 23354 | D:14     | Reached skill level 1 in Throwing
 23429 | D:14     | XOM: summons friendly ufetubus
 23461 | D:14     | Found a roughly hewn altar of Beogh.
 23562 | D:14     | Paralysed by a wizard for 7 turns
 23563 | D:14     | XOM: confuse monster(s)
 23770 | D:14     | XOM: cast spell 'Chain of Chaos'
 23967 | D:15     | Entered Level 15 of the Dungeon
 23999 | D:15     | XOM: scenery: create altars
 24065 | D:15     | XOM: summons friendly iron imp
 24102 | D:15     | XOM: scenery: create altars
 24103 | D:15     | XOM: scenery: create altars
 24107 | D:15     | XOM: confuse monster(s)
 24203 | D:15     | XOM: scenery: 1 doors close
 24222 | D:15     | XOM: polymorph iron imp -> crimson imp
 24226 | D:15     | Reached skill level 12 in Fighting
 24230 | D:15     | XOM: scenery: 1 doors close
 24232 | D:15     | XOM: fog
 24238 | D:15     | XOM: summons friendly crimson imp
 24282 | D:15     | XOM: summons friendly crimson imp
 24326 | D:15     | XOM: fake destruction
 24408 | D:14     | XOM: cloud trail
 24535 | D:15     | XOM: enchant monster (bad)
 24537 | D:15     | XOM: confuse monster(s)
 24747 | D:15     | XOM: draining
 24775 | D:15     | Goblin1989: хм
 24775 | D:15     | Goblin1989: я чего-то не понимаю в этой игре, но этот +8 даггер намного домаговее моих когтей на данный момент
 24775 | D:15     | Goblin1989: не пожалел о том что шорты до 10 вкачал еще ни единого мнгноения
 25014 | D:15     | Got a spiked ring mail
 25037 | D:15     | XOM: give mutations
 25037 | D:15     | Lost mutation: [Scrolls take you longer to read.] [Xom's mischief]
 25037 | D:15     | Lost mutation: Your natural rate of healing is unusually fast. [Xom's mischief]
 25058 | D:15     | XOM: scenery: create altars
 25098 | D:15     | XOM: enchant monster (bad)
 25213 | D:15     | XOM: god gift: club {god gift}
 25411 | D:15     | Found Biwkoch's Distillery.
 25431 | D:15     | XOM: enchant monster (bad)
 25483 | D:15     | XOM: enchant monster (bad)
 25510 | D:15     | XOM: summons friendly crimson imp
 25543 | D:15     | XOM: enchant monster (bad)
 25552 | D:15     | XOM: potion effect (agility)
 25564 | D:15     | XOM: medium Tloc miscast
 25564 | D:15     | Cast into level 3 of the Abyss (the capriciousness of Xom)
 25574 | Abyss:3  | Noticed a tentacled starspawn
 25580 | Abyss:3  | XOM: noise
 25592 | Abyss:3  | Killed a tentacled starspawn
 25618 | Abyss:3  | XOM: cleaving
 25640 | Abyss:3  | XOM: mild Tmut miscast
 25657 | Abyss:3  | XOM: scenery: create altars
 25716 | Abyss:3  | Gained mutation: You are clumsy. (Dex -2) [a neqoxec]
 25745 | Abyss:3  | XOM: polymorph demonic crawler -> rakshasa
 25748 | Abyss:3  | Gained mutation: You are occasionally teleported next to monsters. [a cacodemon]
 25819 | Abyss:3  | Noticed a tentacled starspawn
 25819 | Abyss:3  | XOM: potion effect (invisibility)
 25822 | Abyss:3  | XOM: cleaving
 25831 | Abyss:3  | XOM: summons 2 friendly demons
 25839 | Abyss:3  | Killed a tentacled starspawn
 25844 | Abyss:3  | HP: 2/129 [deep elf mage/bolt of negative energy (23)]
 25846 | Abyss:3  | Killed from afar by a smoke demon

Skill      XL: |  1  2  3  4  5  6  7  8  9 10 11 12 13 14 15 16 |
---------------+-------------------------------------------------+-----
Short Blades   | 3 4 7 9 10 | 10.0
Shields        | 1 2 3 4 6 7 9 10 | 10.8
Unarmed Combat | 1 2 3 4 6 8 9 10 | 10.4
Armour         | 2 3 4 6 7 9 10 | 10.9
Fighting       | 4 5 7 8 9 10 11 12 | 12.5
Dodging        | 2 3 5 6 7 8 9 11 | 11.0
Polearms       | 1 |  1.2
Evocations     | 2 4 5 |  5.0
Throwing       | 3 |  3.0

Action                   |  1- 3 |  4- 6 |  7- 9 | 10-12 | 13-15 | 16-18 || total
-------------------------+-------+-------+-------+-------+-------+-------++-------
Melee: Short sword       |    93 |   131 |       |       |       |       ||   224
       Unarmed           |       |   112 |   191 |    10 |   110 |       ||   423
       Dagger            |       |       |   127 |   746 |   793 |   919 ||  2585
       Headbutt          |       |       |    15 |   200 |   267 |   274 ||   756
       Kick              |       |       |       |   121 |       |       ||   121
 Fire: Blowgun           |       |       |       |       |       |     5 ||     5
Evoke: Wand              |       |       |       |    15 |     4 |       ||    19
  Use: Scroll            |       |       |     9 |    11 |     5 |     6 ||    31
       Potion            |       |       |       |     6 |     5 |     9 ||    20
 Stab: Petrified         |     2 |       |       |       |     3 |       ||     5
       Petrifying        |     1 |       |       |       |       |       ||     1
       Paralysed         |       |     1 |       |     1 |       |       ||     2
       Confused          |       |     2 |       |     4 |       |     2 ||     8
       Distracted        |       |     1 |     4 |     6 |     7 |     6 ||    24
       Sleeping          |       |       |       |     1 |       |       ||     1
       Invisible         |       |       |       |     5 |     1 |       ||     6
  Eat: Chunk             |     1 |    11 |    12 |    40 |    26 |    14 ||   104
       Ration            |       |       |     1 |       |       |       ||     1
Armor: Leather armour    |    41 |     3 |       |       |       |       ||    44
       Scale mail        |       |    90 |    75 |    55 |       |       ||   220
       Crystal plate arm |       |       |       |   219 |   405 |   374 ||   998
Dodge: Dodged            |    43 |    65 |    88 |   139 |    65 |   118 ||   518
Block: Buckler           |     9 |    43 |    55 |    18 |       |       ||   125
       Shield            |       |       |       |   272 |   411 |   405 ||  1088

Vault maps used:
D:1:      onia_arrival_zoo_common
D:2:      lemuel_coloured_pillars_altar, lemuel_round_altar,
          hangedman_feature_mirror, hex_medium, uniq_jessica, uniq_robin
D:3:      cheibriados_altar_1, uniq_natasha
D:4:      first_ration, grunt_ministairs_2, minmay_lizard_king
D:5:      grunt_temple_overflow_open
D:6:      minmay_temple_entry_trees, roderic_serpentine_path,
          serial_bayou_lagoon_a, okawaru_trees_2
D:7:      basic_altar
D:8:      david_lair_shrubbed, uniq_pikel
D:9:      grunt_temple_overflow_cloverleaf
D:10:     minmay_bloctagon_deflated
D:11:     orc_0_dummy, enter_bailey_2
D:12:     serial_shops, nicolae_shop_waterfront, david_nohive_1
D:13:     minmay_lindwurm_lava
D:14:     erik_vaults_1, serial_park_square1, minivault_26, grunt_ministairs_5,
          david_defended_altar_orc
D:15:     gammafunk_enter_depths_forms, serial_shops, nicolae_shop_trees,
          st_stairs_13, lemuel_statue_altar
Lair:3:   st_stairs_6, beast_lair_carwin_1
Lair:4:   minmay_shoals_entry_centaurs, spider_nest_entry_a,
          serial_bayou_shore_a
Lair:5:   dpeg_slime_entry_enclosed_altar, st_stairs_6,
          grunt_forest_small_clearings
Lair:6:   gammafunk_lair_ancient_temple
Orc:1:    cheibrodos_orc_bank
Orc:2:    kennysheep_orc_mage_school
Bailey:   bailey_polearm_5, bailey
